Map: Frost LE

Players

plopzito

  • Race: Zerg Zerg
  • League: Diamond

llllllllllll - Winner!

  • Race: Protoss Protoss
  • League: Diamond

VOD

Have the link to the VOD?

Description

Time

  • Played on: July 16, 2016, 6:32 p.m.
  • Length: 20:13
Show
View Real Time Build Order
Export as new Build Order

plopzito Zerg 

Build Orders: Hatch First 

Get SALT Encoding   

  12  0:01  Drone  
  13  0:15  Overlord  
  13  0:19  Drone  
  14  0:33  Drone x2  
  16  0:37  Drone  
  17  0:55  Hatchery  
  16  0:58  Drone  
  16  1:04  Drone, Extractor  
  17  1:20  Spawning Pool  
  17  1:22  Drone  
  17  1:50  Hatchery  
  16  1:55  Drone  
  16  1:56  Drone  
  18  2:04  Drone  
  19  2:14  Metabolic Boost  
  19  2:18  Zergling x4  
  21  2:27  Queen  
  23  2:38  Queen  
  23  2:40  Drone  
  26  2:45  Overlord  
  26  2:50  Drone  
  27  2:52  Drone  
  28  2:59  Overlord  
  28  3:02  Drone x2  
  30  3:05  Drone  
  31  3:14  Queen  
  31  3:19  Drone x2, Extractor  
  34  3:21  Drone  
  34  3:23  Drone  
  36  3:27  Drone  
  36  3:29  Drone  
  36  3:33  Drone  
  39  3:42  Drone x4  
  39  3:45  Drone  
  44  3:58  Pneumatized Carapace  
  44  4:01  Drone x3  
  47  4:02  Extractor  
  47  4:03  Drone x2  
  47  4:04  Extractor  
  47  4:14  Drone x2  
  47  4:15  Drone  
  50  4:33  Overlord x2  
  50  4:35  Lair  
  50  4:46  Roach Warren  
  50  4:47  Drone  
  50  4:50  Extractor  
  49  4:53  Evolution Chamber  
  49  4:54  Evolution Chamber  
  47  5:00  Drone  
  47  5:01  Drone x5  
  53  5:09  Spore Crawler  
  53  5:11  Spine Crawler  
  51  5:14  Spore Crawler  
  51  5:17  Spine Crawler  
  51  5:19  Spore Crawler  
  51  5:21  Spine Crawler  
  47  5:24  Drone x4  
  47  5:25  Drone  
  52  5:41  Drone x5  
  52  5:42  Drone, Hydralisk Den  
  58  5:44  Drone  
  58  5:59  Overlord x2  
  58  6:12  Spore Crawler  
  58  6:13  Spore Crawler  
  58  6:17  Spore Crawler  
  55  6:32  Hydralisk x6  
  57  6:34  Zergling x2  
  68  6:45  Muscular Augments, Overlord x3  
  68  7:00  Hatchery  
  67  7:05  Drone x5  
  72  7:10  Hydralisk  
  72  7:12  Zerg Missile Weapons Level 1  
  74  7:26  Zerg Ground Armor Level 1, Hydralisk  
  74  7:27  Hydralisk x2  
  80  7:42  Hydralisk x5  
  90  7:46  Hydralisk  
  90  7:48  Overlord  
  92  7:57  Overlord x2  
  92  7:59  Overlord x2  
  92  8:12  Hydralisk x4  
  64  8:20  Hydralisk x2  
  64  8:25  Hydralisk x2  
  64  8:26  Hydralisk  
  70  8:29  Zergling x4  
  70  8:42  Hydralisk x4  
  78  8:50  Hydralisk x2  
  78  8:51  Hydralisk  
  84  8:56  Hydralisk  
  84  8:58  Queen  
  88  9:05  Hydralisk x2  
  92  9:23  Drone x3  
  92  9:24  Drone x2, Hatchery  
  88  9:44  Drone x4  
  87  9:49  Drone  
  87  9:50  Drone  
  89  9:55  Drone  
  90  10:02  Drone  
  90  10:03  Drone  
  92  10:13  Overlord  
  90  10:14  Lurker Den  
  58  10:39  Drone  
  58  10:40  Drone x6  
  65  10:48  Spire  
  65  10:49  Drone x2  
  66  10:55  Extractor  
  65  11:04  Hydralisk x3  
  65  11:05  Hydralisk  
  65  11:09  Hatchery  
  72  11:20  Queen  
  68  12:02  Corruptor x9  
  68  12:03  Corruptor  
  84  12:15  Extractor, Corruptor x2  
  78  12:17  Extractor  
  81  12:27  Corruptor x2  
  89  12:32  Corruptor x3  
  89  12:33  Corruptor x2  
  91  12:41  Corruptor  
  93  12:45  Corruptor  
  93  13:24  Drone x3  
  93  13:25  Drone x2  
  93  13:26  Zerg Flyer Weapons Level 1  
  98  13:29  Overlord  
  98  13:30  Overlord x3  
  98  13:33  Infestation Pit  
  97  13:47  Spore Crawler, Hatchery  
  95  13:49  Corruptor x2  
  95  13:50  Corruptor  
  101  14:00  Corruptor  
  105  14:10  Drone x4  
  105  14:16  Drone  
  105  14:17  Drone x3  
  112  14:23  Drone x3  
  101  14:42  Corruptor x3  
  107  14:54  Corruptor  
  109  15:01  Corruptor  
  111  15:22  Corruptor x3  
  111  15:23  Overlord  
  117  15:47  Corruptor x4  
  125  16:15  Spore Crawler x2  
  125  16:16  Spore Crawler  
  125  16:17  Spore Crawler, Overlord x2  
  117  16:35  Hatchery  
  117  16:36  Corruptor x2  
  122  16:43  Overlord  
  119  16:54  Overlord x4  
  112  17:53  Overlord x3  
  112  17:59  Hatchery  
  112  18:03  Overlord x2  
  111  18:12  Spawning Pool  
  110  18:15  Hatchery  
  92  19:09  Drone x2  
  85  19:10  Drone  
  85  19:20  Extractor  
  85  19:21  Drone  
  85  19:22  Hatchery  
  85  19:23  Spawning Pool  
  83  19:29  Drone  
Show
View Real Time Build Order
Export as new Build Order

llllllllllll Protoss - Winner!

Build Orders:  

Get SALT Encoding   

  12  0:01  Probe (Chrono Boost)  
  13  0:12  Probe (Chrono Boost)  
  14  0:24  Probe (Chrono Boost)  
  14  0:28  Pylon  
  15  0:46  Probe (Chrono Boost)  
  15  0:47  Gateway  
  16  0:54  Assimilator  
  16  0:56  Probe (Chrono Boost)  
  17  0:57  Assimilator  
  17  1:07  Probe (Chrono Boost)  
  18  1:17  Probe (Chrono Boost)  
  19  1:28  Probe (Chrono Boost)  
  20  1:47  Nexus  
  20  1:52  Cybernetics Core  
  20  1:56  Probe (Chrono Boost)  
  21  2:06  Pylon  
  21  2:09  Probe (Chrono Boost)  
  22  2:19  Probe (Chrono Boost)  
  23  2:30  Stalker  
  25  2:42  Pylon  
  25  2:45  Probe (Chrono Boost)  
  26  2:54  Pylon  
  26  2:56  Mothership Core (Chrono Boost)  
  28  3:03  Probe (Chrono Boost)  
  29  3:07  Stargate  
  29  3:11  Stargate  
  29  3:22  Stargate  
  29  3:25  Probe x2 (Chrono Boost)  
  31  3:30  Assimilator  
  31  3:34  Assimilator  
  31  3:43  Forge  
  31  3:46  Probe (Chrono Boost)  
  31  3:48  Probe (Chrono Boost)  
  33  3:56  Probe (Chrono Boost)  
  33  3:58  Probe (Chrono Boost)  
  35  4:05  Oracle  
  35  4:07  Probe (Chrono Boost)  
  39  4:14  Oracle  
  42  4:21  Oracle  
  45  4:31  Photon Cannon  
  45  4:36  Probe x2 (Chrono Boost)  
  47  4:43  Oracle  
  50  4:51  Oracle  
  53  5:00  Photon Cannon  
  53  5:04  Probe x2 (Chrono Boost)  
  55  5:19  Probe (Chrono Boost)  
  55  5:20  Probe (Chrono Boost)  
  57  5:25  Photon Cannon  
  57  5:29  Probe (Chrono Boost), Photon Cannon  
  57  5:32  Probe (Chrono Boost)  
  57  5:35  Oracle  
  62  5:58  Pylon  
  62  6:02  Pylon  
  62  6:08  Probe (Chrono Boost)  
  62  6:10  Probe (Chrono Boost)  
  61  6:11  Oracle  
  61  6:16  Oracle x2  
  70  6:20  Probe (Chrono Boost)  
  70  6:22  Probe (Chrono Boost)  
  72  6:36  Photon Cannon  
  72  6:39  Nexus  
  72  6:45  Oracle  
  72  6:50  Fleet Beacon  
  72  6:51  Oracle  
  78  7:07  Pylon  
  78  7:10  Pylon  
  78  7:12  Pylon  
  78  7:13  Photon Cannon  
  78  7:16  Photon Cannon  
  78  7:22  Carrier  
  78  7:33  Carrier  
  90  7:49  Carrier  
  96  7:52  Photon Cannon  
  96  7:54  Photon Cannon  
  96  8:05  Graviton Catapult  
  87  8:37  Carrier  
  87  8:42  Probe (Chrono Boost)  
  87  8:46  Pylon  
  88  8:52  Assimilator  
  88  8:53  Probe (Chrono Boost)  
  95  8:56  Stargate  
  95  9:09  Carrier  
  101  9:18  Probe (Chrono Boost), Assimilator  
  87  9:49  Oracle x2  
  93  9:58  Oracle  
  90  10:20  Photon Cannon  
  90  10:22  Photon Cannon  
  90  10:26  Carrier  
  81  10:37  Carrier x2  
  99  10:53  Probe (Chrono Boost)  
  100  10:57  Pylon  
  100  10:59  Pylon  
  100  11:07  Probe (Chrono Boost)  
  101  11:12  Carrier  
  108  11:19  Probe (Chrono Boost)  
  108  11:40  Carrier  
  111  12:02  Carrier  
  111  12:03  Nexus, Carrier  
  111  12:07  Pylon  
  135  13:04  Void Ray  
  136  13:28  Void Ray  
  136  13:29  Nexus  
  136  13:30  Pylon  
  136  13:33  Pylon  
  140  13:42  Void Ray  
  140  13:47  Void Ray  
  140  13:48  Void Ray  
  146  14:11  Void Ray  
  150  14:20  Void Ray  
  154  14:40  Void Ray  
  158  14:46  Pylon  
  158  14:47  Pylon  
  158  14:50  Pylon  
  158  14:52  Pylon  
  158  15:11  Probe (Chrono Boost)  
  159  15:22  Probe (Chrono Boost)  
  159  15:25  Assimilator  
  159  15:27  Void Ray  
  160  15:30  Void Ray x2  
  160  15:32  Void Ray  
  176  16:07  Assimilator  
  176  16:10  Void Ray  
  180  16:13  Void Ray x2  
  188  16:43  Nexus  
  188  19:19  Nexus  
Tags
 
Add a new tag
Caveats
  • Supply blocks, unpowered buildings, or Contaminate may cause inaccurate times.
  • Supply counts are checked every 10 seconds.